 Dungeon Crawl Stone Soup version 0.21-a0-71-g5e5ddd2 (webtiles) character file.

34078 xgamer67 the Zephyrmancer (level 13, -4/116 HPs)
             Began as a Black Draconian Air Elementalist on June 20, 2017.
             Was a Believer of Ashenzari.
             Slain by a catoblepas (12 damage)
             ... on level 5 of the Lair of Beasts.
             The game lasted 01:23:13 (30298 turns).

xgamer67 the Zephyrmancer (DrAE)                   Turns: 30298, Time: 01:23:14

Health: -4/116     AC: 12    Str: 10    XL:     13   Next: 40%
Magic:  10/25      EV:  9    Int: 21    God:    Ashenzari [**....]
Gold:   927        SH:  0    Dex: 12    Spells: 6/29 levels left

rFire    . . .     SeeInvis .   a - +0 scimitar (flame)
rCold    . . .     Gourm    +   y - +0 buckler
rNeg     . . .     Faith    .   (armour unavailable)
rPois    .         Spirit   .   (helmet restricted)
rElec    +         Reflect  .   H - +1 cloak (curse)
rCorr    .         Harm     .   (no gloves)
MR       .....                  w - +1 pair of boots (curse)
Stlth    ++........             l - amulet of the gourmand
HPRegen  0.29/turn              t - ring of stealth
MPRegen  0.19/turn              (no ring)

@: about to teleport, petrifying, very slow
A: breathe lightning, unfitting armour, electricity resistance, cold-blooded, AC
+8
a: Breathe Lightning, Curse Item, Scrying, Renounce Religion


You were on level 5 of the Lair of Beasts.
You worshipped Ashenzari.
Ashenzari was pleased with you.
You were full.

You visited 3 branches of the dungeon, and saw 18 of its levels.

You collected 1009 gold pieces.
You spent 82 gold pieces at shops.

Inventory:

Hand Weapons
 a - a +0 scimitar of flaming (weapon)
 k - a +0 whip of distortion
 x - a +0 blowgun
Armour
 w - a cursed +1 pair of boots (worn)
 y - a +0 buckler (worn)
 H - a cursed +1 cloak (worn)
 K - a +1 shield of fire resistance
Magical Staves
 d - an uncursed staff of conjuration
Jewellery
 l - an amulet of the gourmand (around neck)
 s - an uncursed ring of fire
 t - a ring of stealth (left hand)
 F - a cursed ring of protection from fire
 J - an uncursed ring of positive energy
Wands
 q - a wand of lightning (8/15)
 r - a wand of random effects (22/48)
 D - a wand of iceblast (2/15)
 N - a wand of lightning (7/15)
Scrolls
 f - a scroll of identify
 g - 6 scrolls of amnesia
 h - 4 scrolls of enchant weapon
 j - 3 scrolls of remove curse
 p - 4 scrolls of teleportation
 u - 5 scrolls of magic mapping
 A - a scroll of recharging
 C - a scroll of fear
 E - a scroll of immolation
 L - a scroll of summoning
Potions
 c - 4 potions of haste
 e - a potion of might
 m - 6 potions of curing
 o - a potion of cancellation
 z - 3 potions of heal wounds
 B - 3 potions of agility
 I - a potion of brilliance
 M - a potion of invisibility
Miscellaneous
 i - a fan of gales (inert)
Comestibles
 b - 7 bread rations
 n - 8 royal jellies
 v - 6 meat rations
 G - 17 fruits


   Skills:
 - Level 11.0 Fighting
 - Level 10.0 Dodging
 - Level 4.1 Stealth
 - Level 4.0 Shields
 + Level 8.6 Spellcasting
 - Level 10.0 Conjurations
 - Level 1.0 Charms
 - Level 2.0 Translocations
 - Level 12.0 Air Magic
 - Level 4.0 Evocations


You had 6 spell levels left.
You knew the following spells:

 Your Spells              Type           Power        Failure   Level  Hunger
a - Shock                 Conj/Air       ####         1%          1    None
b - Static Discharge      Conj/Air       ######..     1%          3    None
c - Airstrike             Air            ######....   1%          4    ###....
d - Lightning Bolt        Conj/Air       ######....   2%          5    #####..
g - Mephitic Cloud        Conj/Pois/Air  #####...     1%          3    None
h - Conjure Flame         Conj/Fire      ####....     2%          3    None
A - Swiftness             Chrm/Air       #####...     1%          2    None
B - Blink                 Tloc           N/A          4%          2    None


Dungeon Overview and Level Annotations

Branches:
Dungeon (12/15)            Temple (1/1) D:7            Lair (5/6) D:11
 Shoals (0/4) Lair:3       Spider (0/4) Lair:4        Slime (0/5) Lair:5
    Orc (0/2) D:9

Altars:
Ashenzari
Cheibriados
Dithmenos
Elyvilon
Fedhas
Gozag
Hepliaklqana
Kikubaaqudgha
Makhleb
Nemelex Xobeh
Okawaru
Qazlal
Ru
Sif Muna
Trog
Uskayaw
Vehumet
Wu Jian
Xom
Yredelemnul
Zin
The Shining One
Lugonu

Shops:
D:5 *   D:8 :

Annotations:
D:8 1 transporter (ugly thing vault with rings)
D:11 exclusion: 2 trolls
Lair:3 Rupert
Lair:4 exclusion: hydra
Lair:5 exclusions: basilisk, 2 dream sheep and hydra


Innate Abilities, Weirdness & Mutations

You can breathe wild blasts of lightning.
Your glossy black scales are hard. (AC +8)
You cannot fit into any form of body armour.
You are resistant to electric shocks. (rElec)
You are cold-blooded and may be slowed by cold attacks.


Message History

The catoblepas breathes a plume of calcifying dust at you.
The blast of calcifying dust hits you!
You are engulfed in calcifying dust.
The catoblepas gores you.
* * * LOW HITPOINT WARNING * * *
You are engulfed in calcifying dust.
The catoblepas gores you!!
* * * LOW HITPOINT WARNING * * *
You are engulfed in calcifying dust.
The catoblepas gores you.
* * * LOW HITPOINT WARNING * * *
You turn to flesh and can move again.
Unknown command.
Unknown command.
Okay, then.
The catoblepas breathes a plume of calcifying dust at you.
The blast of calcifying dust hits you!
As you read the scroll of teleportation, it crumbles to dust.
You feel strangely unstable.
You are engulfed in calcifying dust.
You are engulfed in calcifying dust.
You are slowing down.
The catoblepas gores you!!
You die...

...♣
♣P≈{♣##≈≈≈≈#
...♣♣♣ ♣♣≈YP♣
#≈≈#♣# .....♣
♣≈≈§≈♣ #≈≈##
.....♣♣♣≈Y≈≈♣
#≈≈≈##
......♣♣♣§≈≈♣
##≈≈≈#
≈÷....♣♣♣≈≈♣#
##≈≈#
≈≈≈≈≈.≈♣♣≈≈≈♣
#8§≈#
≈≈≈≈≈P≈♣≈≈≈≈♣
##Y§≈#
≈≈≈≈≈≈≈♣≈≈≈♣#
#§@≈##
≈≈≈≈≈≈≈♣♣≈≈♣#
#≈§##
≈≈≈≈≈≈≈♣♣P≈≈♣
#§####
≈≈≈.≈≈≈≈≈≈≈≈#
#§≈≈≈#
≈≈..≈≈≈≈≈≈≈≈♣
##≈Y≈#
.....≈≈≈≈≈≈≈#
###≈#
......≈≈≈≈≈≈#
* #≈≈#
.......≈≈≈..#
≈≈≈≈#
...........♣#
#≈..≈#


You could see a catoblepas.

Vanquished Creatures
  3 hydras
  Erica (Lair:1)
  The ghost of xgamer67 the Spear-Bearer, a journeyman OpBe of Trog (D:11)
  A two-headed ogre (D:8)
  A lindwurm (Lair:5)
  11 elephants
  A black mamba (Lair:2)
  13 spiny frogs
  A rime drake (Lair:2)
  6 komodo dragons
  A jumping spider (Lair:4)
  A hornet (D:7)
  2 trolls (D:10)
  20 blink frogs
  6 dream sheep (Lair:5)
  6 hippogriffs
  Sigmund (D:3)
  2 wyverns (D:8)
  A human (D:7)
  30 yaks
  A basilisk (Lair:5)
  4 hogs (D:7)
  A steam dragon (D:11)
  2 hungry ghosts
  8 water moccasins
  5 porcupines
  4 orc warriors
  4 sky beasts
  An eye of draining (D:10)
  4 wolves (Lair:1)
  3 ogres
  5 phantoms
  6 centaurs
  7 crocodiles
  2 big kobolds (D:9)
  15 bullfrogs
  3 scorpions
  9 killer bees
  3 howler monkeys
  7 wights
  3 electric eels (Lair:5)
  4 crimson imps
  2 bullfrog zombies
  3 centaur zombies
  4 orc priests
  5 orc wizards
  7 hounds
  3 jellies
  2 bullfrog skeletons
  A gnoll shaman (D:9)
  2 iguanas
  Natasha (D:4)
  6 worker ants
  A hound zombie (D:7)
  A worker ant zombie (D:10)
  Robin (D:4)
  7 gnolls
  14 adders
  A howler monkey skeleton (D:4)
  A shadow imp (D:9)
  An ooze (D:3)
  An adder skeleton (D:6)
  A worm (D:2)
  3 dart slugs
  9 leopard geckos
  33 orcs
  5 giant cockroaches
  6 hobgoblins
  19 jackals
  12 kobolds
  4 quokkas
  6 ball pythons
  2 bats
  9 frilled lizards
  18 goblins
  2 leopard gecko skeletons
  A quokka zombie (D:6)
  5 rats
  A fungus (Lair:2)
410 creatures vanquished.

Vanquished Creatures (others)
  27 fungi
  13 plants
  8 toadstools (Lair:5)
48 creatures vanquished.

Grand Total: 458 creatures vanquished

Notes
Turn   | Place    | Note
-------+----------+-------------------------------------------
     0 | D:1      | xgamer67 the Draconian Air Elementalist began the quest for the Orb.
     0 | D:1      | Reached XP level 1. HP: 14/14 MP: 3/3
   285 | D:1      | Reached XP level 2. HP: 13/20 MP: 3/5
  1344 | D:1      | Reached XP level 3. HP: 26/26 MP: 6/6
  1348 | D:1      | Learned a level 2 spell: Swiftness
  1352 | D:1      | Learned a level 3 spell: Static Discharge
  2293 | D:2      | Reached skill level 1 in Charms
  2371 | D:3      | Reached XP level 4. HP: 33/33 MP: 2/8
  2902 | D:3      | Noticed Sigmund
  3083 | D:4      | Noticed an ogre
  3303 | D:4      | Reached XP level 5. HP: 38/38 MP: 9/9
  3309 | D:4      | Learned a level 4 spell: Airstrike
  3521 | D:4      | Noticed Robin
  3537 | D:4      | Killed Robin
  3717 | D:4      | Reached skill level 4 in Air Magic
  4327 | D:4      | Noticed Natasha
  4332 | D:4      | Killed Natasha
  4332 | D:4      | Reached XP level 6. HP: 45/45 MP: 7/10
  4666 | D:5      | Entered Level 5 of the Dungeon
  4726 | D:5      | Reached skill level 5 in Air Magic
  4991 | D:5      | Reached skill level 5 in Conjurations
  5100 | D:5      | Your scales start taking on a glossy black colour.
  5100 | D:5      | Reached skill level 6 in Air Magic
  5100 | D:5      | Reached XP level 7. HP: 36/50 MP: 11/11
  5100 | D:5      | Gained mutation: You are resistant to electric shocks. (rElec) [Black Draconian growth]
  5694 | D:5      | Reached skill level 7 in Air Magic
  5772 | D:5      | Found Izoskuawu's General Store.
  5783 | D:5      | Bought a scroll of blinking for 82 gold pieces
  6728 | D:6      | Reached XP level 8. HP: 55/57 MP: 8/14
  6856 | D:6      | Learned a level 5 spell: Lightning Bolt
  7012 | D:6      | Reached skill level 8 in Air Magic
  7018 | D:6      | Reached skill level 1 in Fighting
  7934 | D:6      | Reached skill level 9 in Air Magic
  8860 | D:7      | Found a staircase to the Ecumenical Temple.
  8913 | D:7      | Reached XP level 9. HP: 23/72 MP: 1/15
  9294 | Temple   | Entered the Ecumenical Temple
  9426 | Temple   | Became a worshipper of Ashenzari the Shackled
  9480 | D:7      | Reached skill level 5 in Fighting
  9493 | D:7      | Reached skill level 10 in Air Magic
  9995 | D:7      | Paralysed by a hornet for 3 turns
 10333 | D:8      | Found Yralysseotu's Book Shoppe.
 10501 | D:8      | Noticed a two-headed ogre
 10505 | D:8      | Reached skill level 1 in Shields
 10515 | D:8      | Killed a two-headed ogre
 10815 | D:8      | Found an opulent altar of Gozag.
 10874 | D:8      | Reached skill level 11 in Air Magic
 10975 | D:8      | Reached XP level 10. HP: 81/81 MP: 10/16
 11736 | D:8      | Found a transporter.
 11737 | D:8      | Found a corrupted altar of Lugonu.
 11737 | D:8      | Noticed a cyan ugly thing
 11738 | D:8      | Noticed a brown ugly thing
 11738 | D:8      | Noticed a green ugly thing
 11738 | D:8      | Noticed a red ugly thing
 11739 | D:8      | Identified the ring of Ibloamn {Str+4 Dex-5 Stlth+}
 11739 | D:8      | Identified the ring "Ishrech" {*Tele MR+}
 12222 | D:7      | Found a bloodstained altar of Trog.
 12374 | D:7      | Paralysed by a hornet for 3 turns
 12941 | D:7      | Reached * piety under Ashenzari
 13606 | D:3      | Killed Sigmund
 14000 | D:9      | Found a staircase to the Orcish Mines.
 14303 | D:9      | Reached skill level 5 in Dodging
 14615 | D:9      | Reached skill level 5 in Spellcasting
 14906 | D:9      | Found an ornate altar of the Wu Jian Council.
 15298 | D:10     | Entered Level 10 of the Dungeon
 16528 | D:11     | Found a staircase to the Lair.
 16747 | D:11     | Noticed a death knight
 16749 | D:11     | Noticed a two-headed ogre
 17089 | D:10     | Reached XP level 11. HP: 41/92 MP: 20/20
 17870 | D:11     | Noticed xgamer67's ghost (journeyman OpBe)
 17926 | D:11     | Killed xgamer67's ghost
 17935 | Lair:1   | Entered Level 1 of the Lair of Beasts
 18471 | Lair:1   | Noticed Erica
 18915 | Lair:1   | Killed Erica
 18964 | Lair:1   | Noticed a seven-headed hydra
 18990 | Lair:1   | Killed a seven-headed hydra
 19360 | Lair:1   | Reached ** piety under Ashenzari
 20241 | Lair:1   | Reached skill level 10 in Fighting
 21858 | Lair:3   | Found a staircase to the Shoals.
 21890 | Lair:3   | Reached XP level 12. HP: 89/106 MP: 6/24
 22053 | Lair:3   | Noticed Rupert
 22054 | Lair:3   | Paralysed by Rupert for 5 turns
 22541 | Lair:2   | Learned a level 2 spell: Blink
 22545 | Lair:2   | Learned a level 3 spell: Conjure Flame
 22549 | Lair:2   | Learned a level 3 spell: Mephitic Cloud
 23008 | Lair:2   | Noticed an eight-headed hydra
 23014 | Lair:2   | Killed an eight-headed hydra
 23494 | Lair:2   | Reached *** piety under Ashenzari
 23859 | Lair:2   | Reached skill level 10 in Conjurations
 23861 | Lair:2   | Reached skill level 12 in Air Magic
 24274 | Lair:3   | Reached skill level 1 in Evocations
 24391 | Lair:3   | Reached skill level 1 in Translocations
 26084 | Lair:4   | Noticed a six-headed hydra
 26921 | Lair:4   | Found a hole to the Spider Nest.
 27213 | Lair:5   | Noticed a four-headed hydra
 27466 | Lair:5   | Reached XP level 13. HP: 64/113 MP: 3/25
 27664 | Lair:5   | Found a staircase to the Slime Pits.
 28280 | Lair:5   | Reached skill level 10 in Dodging
 29430 | Lair:5   | Found a runed door.
 30298 | Lair:5   | Slain by a catoblepas

Vault maps used:
D:1:      eino_arrival_cavern_a
D:2:      wad_pebble_path
D:3:      minmay_shallow_snake_nest, uniq_sigmund
D:4:      minmay_liquid_box, kennysheep_generic_room_6, uniq_robin, uniq_natasha
D:5:      serial_shops, shop, first_bread
D:7:      minmay_temple_entry_butterflies, grunt_livestock, bloody_trog
D:8:      gammafunk_corrupted_shrine, basic_altar, serial_shops, shop
D:9:      marbit_many_paths, orc_0_dummy
D:11:     minmay_the_grid_triangle_9x9_rhombus_full_mashed, lair_entry_dummy
D:12:     lemuel_slime, serial_shops, kennysheep_mini, uniq_maurice
Temple:   nicolae_temple_the_god_donut
Lair:1:   uniq_erica
Lair:2:   grunt_megastairs_3, lemuel_fruit_tree
Lair:3:   shoals_dummy_entry, beast_lair_carwin_3, uniq_rupert
Lair:4:   spider_nest_entry_a, enter_volcano_1, lemuel_another_geyser
Lair:5:   gammafunk_lair_enchanted_lake, dpeg_slime_entry_corner

Skill      XL: |  1  2  3  4  5  6  7  8  9 10 11 12 13 |
---------------+----------------------------------------+-----
Conjurations   | 2 3 4 5 6 8 9 10 | 10.0
Charms         | 1 |  1.0
Spellcasting   | 3 4 6 8 |  8.6
Air Magic      | 4 6 7 9 11 12 | 12.0
Fighting       | 4 5 7 10 11 | 11.0
Dodging        | 3 5 6 9 10 | 10.0
Shields        | 3 4 |  4.0
Stealth        | 4 |  4.1
Evocations     | 4 |  4.0
Translocations | 2 |  2.0

Action                   |  1- 3 |  4- 6 |  7- 9 | 10-12 | 13-15 || total
-------------------------+-------+-------+-------+-------+-------++-------
Melee: Unarmed           |    49 |       |       |       |       ||    49
       Tailslap          |    10 |     8 |    21 |    62 |    15 ||   116
       Club              |    34 |       |       |       |       ||    34
       Scimitar          |    47 |    95 |   183 |   406 |   101 ||   832
 Cast: Shock             |    31 |    36 |   105 |   303 |    14 ||   489
       Static Discharge  |       |     2 |    10 |    92 |    23 ||   127
       Airstrike         |       |       |     6 |    27 |    15 ||    48
       Swiftness         |       |       |     1 |     2 |       ||     3
       Lightning Bolt    |       |       |       |     4 |     5 ||     9
       Conjure Flame     |       |       |       |     1 |     5 ||     6
       Blink             |       |       |       |       |     5 ||     5
Invok: Curse Item        |       |       |       |     2 |       ||     2
 Abil: Breathe Lightning |       |       |     3 |     4 |     1 ||     8
Evoke: Wand              |       |       |     3 |       |     1 ||     4
       Fan of gales      |       |       |       |       |     1 ||     1
  Use: Scroll            |       |    13 |     6 |     7 |     3 ||    29
       Potion            |       |       |     2 |     3 |     1 ||     6
 Stab: Sleeping          |     1 |     7 |     2 |     5 |     1 ||    16
       Distracted        |       |       |     1 |       |     1 ||     2
  Eat: Chunk             |     5 |     8 |    18 |    69 |    11 ||   111
       Fruit             |       |       |     2 |       |       ||     2
       Royal jelly       |       |       |     1 |     1 |       ||     2
Armor: Skin              |    50 |    46 |    92 |   190 |    50 ||   428
Dodge: Dodged            |   110 |    99 |   182 |   523 |   141 ||  1055
Block: Buckler           |       |       |    14 |   180 |    45 ||   239
       Rpst.: Scimitar   |    10 |    38 |    68 |   152 |    29 ||   297
